 Dungeon Crawl Stone Soup version 0.25-a0-860-gf695395 (webtiles) character file.

Game seed: 3755428158668265524, levelgen mode: deterministic

1346 Atlas the Sneak (level 8, 0/50 HPs)
             Began as an Octopode Ice Elementalist on Apr 27, 2020.
             Slain by a hound (5 damage)
             ... on level 6 of the Dungeon.
             The game lasted 00:06:42 (5369 turns).

Atlas the Sneak (Octopode Ice Elementalist)         Turns: 5369, Time: 00:06:42

Health: 0/50       AC:  1    Str:  7    XL:     8   Next: 62%
Magic:  7/14       EV: 16    Int: 20    God:
Gold:   279        SH:  0    Dex: 12    Spells: 5/16 levels left

rFire    . . .     SeeInvis +   p - +2 short sword (speed)
rCold    . . .     Gourm    .   (no shield)
rNeg     + . .     Faith    .   (helmet restricted)
rPois    .         Spirit   .   (no amulet)
rElec    .         Reflect  .   i - ring of wizardry
rCorr    .         Harm     .   l - ring of see invisible
MR       .....                  y - +2 ring of evasion
Stlth    ++++......             z - ring of positive energy
HPRegen  0.16/turn              (no ring)
MPRegen  0.14/turn              (no ring)
                                (no ring)
                                (no ring)

@: lethally poisoned (0 -> -13), frozen ramparts, very slightly contaminated
A: almost no armour, stealthy swim, amphibious, 8 rings, constrict 8, camouflage
1, gelatinous body 1
a: no special abilities


You were on level 6 of the Dungeon.
You were not hungry.

You visited 1 branch of the dungeon, and saw 6 of its levels.

You collected 279 gold pieces.

Inventory:

Hand Weapons
 p - a +2 short sword of speed (weapon)
Jewellery
 i - a ring of wizardry (left tentacle)
 l - a ring of see invisible (right tentacle)
 y - a +2 ring of evasion (on tentacle)
 z - a ring of positive energy (on tentacle)
Scrolls
 c - 9 scrolls of identify {unknown}
 f - a scroll of enchant weapon {unknown}
 g - 5 scrolls of remove curse
 j - 2 scrolls of immolation {unknown}
 n - 3 scrolls of enchant armour {unknown}
 q - a scroll of amnesia {unknown}
 r - a scroll of fog {unknown}
 s - a scroll of random uselessness {unknown}
 t - a scroll of teleportation {unknown}
 u - a scroll of magic mapping {unknown}
 x - a scroll of fear {unknown}
Potions
 a - 3 potions of flight {unknown}
 d - a potion of berserk rage {unknown}
 e - a potion of resistance {unknown}
 h - 2 potions of heal wounds {unknown}
 k - a potion of might {unknown}
 m - 2 potions of degeneration {unknown}
 o - a potion of stabbing {unknown}
 v - 5 potions of curing {unknown}
 w - a potion of lignification {unknown}
Comestibles
 b - 16 rations
 A - 11 chunks of flesh


   Skills:
 + Level 2.2 Fighting
 + Level 4.3 Short Blades
 + Level 3.3 Dodging
 + Level 7.1 Stealth
 + Level 0.7 Unarmed Combat
 + Level 4.5 Spellcasting
 + Level 0.1 Charms
 + Level 0.1 Summonings
 + Level 6.4 Ice Magic


You had 5 spell levels left.
You knew the following spells:

 Your Spells              Type           Power        Failure   Level  Hunger
a - Freeze                Ice            ####         1%          1    None
b - Frozen Ramparts       Ice            ####..       1%          3    ##.....
c - Ozocubu's Armour      Chrm/Ice       ###.....     4%          3    ##.....
d - Summon Ice Beast      Ice/Summ       ###.....     12%         4    ####...

Your spell library contained the following spells:

 Spells                   Type           Power        Failure   Level  Hunger
 Ensorcelled Hibernation  Hex/Ice        ###...       1%          2    #......
 Corona                   Hex            #......      4%          1    None
 Hailstorm                Conj/Ice       ###.....     13%         4    ####...
 Confusing Touch          Hex            #.......     16%         3    ##.....
 Dazzling Flash           Conj/Hex       #.....       16%         3    ##.....
 Tukima's Dance           Hex            #.......     16%         3    ##.....


Dungeon Overview and Level Annotations

Branches:
Dungeon (6/15)
 Temple: D:4-7

Altars:
Fedhas
Hepliaklqana
Uskayaw
Xom
Beogh

Annotations:
D:5 3 runed translucent doors, zbzbzb's ghost, novice OpTm


Innate Abilities, Weirdness & Mutations

You cannot wear most types of armour.
You are very stealthy in the water. (Stealth+)
You are amphibious.
You can wear up to eight rings at the same time.
You can use your tentacles to constrict eight enemies at once.
Your skin changes colour to match your surroundings (Stealth+).
Your rubbery body absorbs attacks. (AC +1, EV +1)


Message History

Press: ? - help, Shift-Dir - straight line, f - scorpion
Aim: a scorpion (heavily wounded)
You freeze the scorpion.
The scorpion is severely wounded.
You feel sick.
The wall freezes the scorpion.
The scorpion stings you.
* * * LOW HITPOINT WARNING * * *
You are lethally poisoned!
The scorpion poisons you!
The wall freezes the hound.
Casting: Freeze (safe; 1% risk of failure)
Confirm with . or Enter, or press ? or * to list all spells.
Aiming: Freeze (safe; 1% risk of failure)
Press: ? - help, Shift-Dir - straight line, f/p - scorpion
Aim: a scorpion (almost dead)
You freeze the scorpion.
You kill the scorpion!
* * * LOW HITPOINT WARNING * * *
You feel sick. The hound bites you.
* * * LOW HITPOINT WARNING * * *
The hound bites you.
You die...

##.####+####.#
#.#.^#^#^.#.# #
##^#.#^##.#
#.^#.#^.#.#####.#. # #
##^#.#^##...[.....
#.#.#.^#.#^.#.#####....
###...####÷####..####....
............h....÷.......
####.......÷†@...#..#....
######...###.##..... .
#...# #.......... #...#
#######.... #...# ###.
###...### #.......#
....##.##.# .... #. #h#


You could see a hound.

Vanquished Creatures
  An orc warrior (D:6)
  2 ogres
  A centaur (D:5)
  A bullfrog (D:6)
  2 scorpions
  A water moccasin zombie (D:5)
  A howler monkey (D:5)
  A crimson imp (D:6)
  3 hounds
  2 bullfrog zombies (D:5)
  2 orc priests
  2 centaur skeletons (D:6)
  3 orc wizards
  6 worker ants
  A hound skeleton (D:4)
  6 adders
  A shadow imp (D:6)
  An ooze (D:2)
  6 worms
  An adder skeleton (D:5)
  2 leopard geckos
  21 orcs
  7 bats
  8 giant cockroaches
  6 goblins
  6 hobgoblins
  6 jackals
  2 quokkas
  2 ball pythons (D:2)
  4 frilled lizards
  6 kobolds
  A quokka skeleton (D:4)
  11 rats
126 creatures vanquished.

Notes
Turn   | Place    | Note
-------+----------+-------------------------------------------
     0 | D:1      | Atlas the Octopode Ice Elementalist began the quest for the
                  | Orb.
     0 | D:1      | Reached XP level 1. HP: 11/11 MP: 3/3
    72 | D:1      | Reached XP level 2. HP: 15/17 MP: 5/5
   480 | D:1      | Reached XP level 3. HP: 21/21 MP: 3/6
   769 | D:2      | Learned a level 3 spell: Frozen Ramparts
   904 | D:2      | Found a faded altar of an unknown god.
   984 | D:2      | Reached skill level 3 in Stealth
   985 | D:2      | Reached XP level 4. HP: 22/27 MP: 0/7
  1935 | D:3      | Found a shimmering altar of Xom.
  1936 | D:3      | Found a hazy altar of Hepliaklqana.
  1937 | D:3      | Noticed a spectral ugly thing
  1995 | D:3      | Reached skill level 5 in Ice Magic
  1996 | D:3      | Reached XP level 5. HP: 14/32 MP: 4/9
  2761 | D:4      | Noticed an ogre
  2773 | D:3      | Learned a level 3 spell: Ozocubu's Armour
  2902 | D:4      | Killed an ogre
  2902 | D:4      | Reached skill level 4 in Stealth
  2902 | D:4      | Reached XP level 6. HP: 37/37 MP: 3/10
  3007 | D:4      | Reached skill level 1 in Short Blades
  3163 | D:4      | Found a hide-covered altar of Uskayaw.
  3519 | D:4      | Reached skill level 5 in Stealth
  3564 | D:4      | Reached skill level 1 in Fighting
  3568 | D:4      | Reached XP level 7. HP: 43/43 MP: 8/12
  3749 | D:4      | Found a blossoming altar of Fedhas.
  3898 | D:5      | Entered Level 5 of the Dungeon
  4544 | D:5      | Found a runed translucent gate.
  4545 | D:5      | Found a runed translucent gate.
  4546 | D:5      | Found a runed translucent gate.
  4546 | D:5      | Noticed zbzbzb's ghost (novice OpTm)
  4552 | D:5      | Found a roughly hewn altar of Beogh.
  4852 | D:5      | Reached skill level 6 in Stealth
  4882 | D:5      | Reached XP level 8. HP: 50/50 MP: 14/14
  5105 | D:5      | Learned a level 4 spell: Summon Ice Beast
  5352 | D:6      | Reached skill level 7 in Stealth
  5369 | D:6      | Slain by a hound

Levels and vault maps discovered:
D:1:      roderic_crossed_star, layout_rooms, minmay_pentomino_q2
D:2:      layout_basic, first_ration, chequers_ecumenical_altar_simple_redux,
          minmay_pentomino_pile
D:3:      layout_loops_ring, regret_index_temple_of_mockery, dk_noncrumbling_4
D:4:      layout_basic, kennysheep_little_box, eat_drink_and_be_merry_uskayaw,
          minmay_joined_circles
D:5:      layout_gridville, serial_bayou, serial_bayou_pond_a,
          serial_bayou_lake_a, serial_bayou_pond_c, serial_bayou_pond_c,
          biasface_ghost_orc_armoury, st_stairs_14, minmay_pentangle
D:6:      layout_loops_cross, old_standard_altar, lemuel_crystal_altar,
          old_standard_altar, cheibrodos_ashenzari_chains, tso_altar,
          grunt_tough_drop

Skill      XL: |  1  2  3  4  5  6  7  8 |
---------------+-------------------------+-----
Stealth        | 3 4 5 6 7 |  7.1
Ice Magic      | 5 6 |  6.4
Spellcasting   | 3 4 |  4.5
Short Blades   | 1 3 4 |  4.3
Fighting       | 1 2 |  2.2
Dodging        | 3 |  3.3
Unarmed Combat | |  0.7
Charms         | |  0.1
Summonings     | |  0.1

Action                   |  1- 3 |  4- 6 |  7- 9 || total
-------------------------+-------+-------+-------++-------
Melee: Unarmed           |    40 |    21 |       ||    61
       Constrict         |    10 |    22 |    13 ||    45
       Tentacles         |    11 |    15 |    15 ||    41
       Short sword       |       |    66 |    73 ||   139
 Cast: Freeze            |    28 |     9 |    13 ||    50
       Frozen Ramparts   |     2 |    15 |     7 ||    24
       Summon Ice Beast  |       |       |     1 ||     1
       Ozocubu's Armour  |       |       |     1 ||     1
  Use: Scroll            |       |     1 |       ||     1
 Stab: Sleeping          |     7 |    12 |    11 ||    30
  Eat: Chunk             |     1 |     9 |     6 ||    16
Armor: Skin              |     6 |     3 |     4 ||    13
Dodge: Dodged            |    51 |    36 |    39 ||   126

Table legend:
 A = Non-vault XP
 B = Vault XP
 C = Vault XP percentage of total XP
 D = Non-vault monster count
 E = Vault monster count
 F = Vault count percentage of total count
                 A         B        C        D         E       F
            +---------+---------+-------+---------+---------+-------
      Total |    1370 |     553 |  28.8 |     106 |      20 |  15.9
            +---------+---------+-------+---------+---------+-------
        D:1 |      34 |       4 |  10.5 |      22 |       2 |   8.3
        D:2 |      41 |      33 |  44.6 |      19 |       4 |  17.4
        D:3 |      83 |       0 |   0.0 |      20 |       0 |   0.0
        D:4 |     379 |     176 |  31.7 |      21 |       8 |  27.6
        D:5 |     415 |     107 |  20.5 |      16 |       2 |  11.1
        D:6 |     418 |     233 |  35.8 |       8 |       4 |  33.3
            +---------+---------+-------+---------+---------+-------
